 Dungeon Crawl Stone Soup version 0.14-a0-59-gd5eeb80 (webtiles) character file.

398 PolkaDot the Vexing (level 5, -3/33 (35) HPs)
             Began as a Vampire Enchanter on Sept 30, 2013.
             Slain by an orc
             ... wielding a +0,+0 orcish trident
              (8 damage)
             ... on Level 4 of the Dungeon.
             The game lasted 00:11:11 (3590 turns).

PolkaDot the Vexing (Vampire Enchanter)             Turns: 3590, Time: 00:11:11

HP  -3/33 (35)   AC  3     Str  7      XL: 5   Next: 97%
MP   5/12        EV 12     Int 18      God:
Gold 135         SH  0     Dex 14      Spells:  3 memorised,  2 levels left

Res.Fire  : . . .   See Invis. : +   r - +2 dwarf short sword (flame)
Res.Cold  : + + .   Warding    : .   b - +1 robe
Life Prot.: + + +   Conserve   : .   (no shield)
Res.Poison: +       Res.Corr.  : .   (no helmet)
Res.Elec. : .       Clarity    : .   (no cloak)
Sust.Abil.: + .     Spirit.Shd : .   (no gloves)
Res.Mut.  : .       Stasis     : .   (no boots)
Res.Rott. : +       Flight     : .   (no amulet)
Saprovore : . . .                    g - ring of sustain abilities {unknown}
                                     q - cursed +2,+3 ring of slaying {unknown}

@: regenerating slowly, slightly resistant to hostile enchantments, stealthy
A: fangs 3, see invisible, unbreathing
a: Bat Form


You were on level 4 of the Dungeon.
You were near bloodless.

You visited 1 branch of the dungeon, and saw 4 of its levels.

You collected 115 gold pieces.

Inventory:

Hand weapons
 p - a +2,+4 dagger
 r - a +2,+2 dwarven short sword of flaming (weapon)
Missiles
 d - 12 darts (quivered)
Armour
 b - a +1 robe (worn)
 m - a +0 buckler
Scrolls
 a - a scroll of enchant weapon II {unknown}
 e - a scroll of magic mapping {unknown}
 h - 2 scrolls of identify {unknown}
 i - a scroll of curse jewellery {unknown}
 k - 2 scrolls of random uselessness {unknown}
 l - 4 scrolls of amnesia {unknown}
 o - a scroll of noise {unknown}
 t - 6 scrolls of teleportation {unknown}
 v - a scroll of remove curse {unknown}
Jewellery
 g - a ring of sustain abilities (right hand) {unknown}
 q - a cursed +2,+3 ring of slaying (left hand) {unknown}
Potions
 j - 2 potions of restore abilities
Books
 c - a book of Maledictions

   Spells                             Type                      Level
   *Corona                            Hexes                        1
   Sure Blade                         Hexes/Charms                 2
   Ensorcelled Hibernation            Hexes/Ice                    2
   *Confuse                           Hexes                        3
   *Enslavement                       Hexes                        4
   Invisibility                       Hexes                        6


   Skills:
 - Level 2.1 Short Blades
 - Level 0.7 Throwing
 - Level 2.1 Dodging
 + Level 3.8 Stealth
 + Level 3.2 Spellcasting
 * Level 7.5 Hexes


You had 2 spell levels left.
You knew the following spells:

 Your Spells              Type           Power        Failure   Level  Hunger
a - Corona                Hex            ####...      1%          1    None
c - Confuse               Hex            ####....     2%          3    ###....
e - Enslavement           Hex            ####....     10%         4    ####...


Dungeon Overview and Level Annotations

Branches:
Dungeon (4/27)
 Temple: D:4-7

Altars:


Innate Abilities, Weirdness & Mutations

You heal slowly.
You have razor-sharp teeth.*
You have supernaturally acute eyesight.
You can survive without breathing.*


Message History

Casting: Confuse
Confirm with . or Enter, or press ? or * to list all spells.
Aiming: Confuse
Press: ? - help, Shift-Dir - straight line, f - orc wizard
Aim: an orc wizard, wielding a glowing orcish trident and wearing an orcish robe (severely wounded, slightly transparent)
The orc wizard easily resists.
The orc completely misses you. The orc wizard barely misses you.
Casting: Confuse
Confirm with . or Enter, or press ? or * to list all spells.
Aiming: Confuse
Press: ? - help, Shift-Dir - straight line, f/p - orc wizard
Aim: an orc wizard, wielding a glowing orcish trident and wearing an orcish robe (severely wounded, slightly transparent)
The orc wizard appears confused.
The orc hits you from afar with an orcish trident.
* * * LOW HITPOINT WARNING * * *
The orc wizard hits itself with a glowing orcish trident.
You barely miss the orc wizard.
The orc wizard is almost dead.
The orc hits you from afar with an orcish trident!
You die...

# >..#.###.# #
### #.#.###.#
###############
... #........
.o.............
#.###)#.#####
...o.)#########
#.....#.# ####.##
###.###.# #.#
#.###.####
#.###############
#........#
#.......)..oo@..#
#........#
###############.#
##.......#
#.#####.......#
#.............#
#######.......)
#.......#
#########


You could see an orc wizard (confused) and an orc.

Vanquished Creatures
  The ghost of inmateoo the Ruffian, an average TrMo of Vehumet (D:3)
  An orc wizard (D:3)
  An adder (D:3)
  A worm (D:3)
  6 giant geckos
  An ooze (D:1)
  4 orcs
  6 bats
  5 giant cockroaches
  7 goblins
  10 hobgoblins
  A quokka (D:2)
  2 ball pythons
  4 giant newts
  10 kobolds
  7 rats
67 creatures vanquished.

Notes
Turn   | Place    | Note
--------------------------------------------------------------
     0 | D:1      | PolkaDot, the Vampire Enchanter, began the quest for the Orb.
     0 | D:1      | Reached XP level 1. HP: 13/13 MP: 4/4
   329 | D:1      | Reached XP level 2. HP: 19/19 MP: 5/5
  1082 | D:1      | Reached XP level 3. HP: 24/24 MP: 7/7
  1087 | D:1      | Learned a level 3 spell: Confuse
  1682 | D:2      | Reached skill level 5 in Hexes
  2073 | D:3      | Noticed inmateoo's ghost (average TrMo)
  2236 | D:3      | Reached XP level 4. HP: 30/30 MP: 9/9
  2278 | D:3      | Paralysed by a potion of paralysis for 1 turns
  3116 | D:3      | Killed inmateoo's ghost
  3116 | D:3      | Reached skill level 7 in Hexes
  3116 | D:3      | Reached XP level 5. HP: 10/33 MP: 7/12
  3122 | D:3      | Learned a level 4 spell: Enslavement
  3584 | D:4      | HP: 1/33 [orc wizard/magic dart (6)]
  3590 | D:4      | Slain by an orc

Action                   |  1- 3 |  4- 6 || total
-------------------------+-------+-------++-------
Melee: Dagger            |   156 |    12 ||   168
       Short sword       |     5 |    34 ||    39
 Cast: Confuse           |     1 |     7 ||     8
  Use: Potion            |     2 |     9 ||    11
 Stab: Sleeping          |     9 |       ||     9
       Confused          |     1 |     5 ||     6
